[ AOE2 MATCH · #513610611 ]
UnrankedMalians vs Ethiopians
Player's team · LOSS
[ REPLAY ANALYSIS · EXTRACTED FROM THE RECORDED GAME ]
Feudal
11:05
Castle
25:18
Imperial
—
| APM avg | 44.9 |
| APM peak | 76 |
| eAPM avg | 22.4 |
| Villagers / military | 135 / 146 |
Focus
⚔️ 36.1% · 🌾 63.9%
Skirmisher ×40 · Gbeto ×32 · Petard ×28 · Spearman ×21 · Militia ×13 · Monk ×12
Feudal
11:21
Castle
22:23
Imperial
51:42
| APM avg | 34.9 |
| APM peak | 73 |
| eAPM avg | 17.2 |
| Villagers / military | 104 / 149 |
Focus
⚔️ 26.4% · 🌾 73.6%
Knight ×69 · Archer ×28 · Shotel Warrior ×24 · Skirmisher ×8 · Monk ×5 · Trebuchet (Packed) ×5
Match map
Initial resources + every placement click. Lines = walls · curves = elevation contours. ◆ gold · ⬟ stone · ● berries · ✦ relic · ◌ wall gap
Your base· Open — unwalled flank
joeldenouden98's base· Open — 4t gap
Smoothed initial terrain · ◌ = detected wall gap · hover for details
Inputs per minute
— ChoRi-Wolo.gg - - joeldenouden98
Build order — ChoRi-Wolo.gg
First 150 of 405 actions detected
| 0:02 | queue | Villager (Male) |
| 0:02 | queue | Villager (Male) |
| 0:02 | queue | Villager (Male) |
| 0:02 | queue | Villager (Male) |
| 0:02 | queue | Villager (Male) |
| 0:05 | Build | House |
| 0:07 | Build | House |
| 1:24 | Build | Lumber Camp |
| 1:31 | queue | Villager (Male) |
| 1:32 | queue | Villager (Male) |
| 1:56 | Build | House |
| 2:13 | queue | Villager (Male) |
| 2:13 | queue | Villager (Male) |
| 2:39 | Research | Loom |
| 2:52 | queue | Villager (Male) |
| 2:52 | queue | Villager (Male) |
| 3:37 | queue | Villager (Male) |
| 3:37 | queue | Villager (Male) |
| 3:37 | queue | Villager (Male) |
| 4:27 | queue | Villager (Male) |
| 4:27 | queue | Villager (Male) |
| 4:52 | queue | Villager (Male) |
| 4:52 | queue | Villager (Male) |
| 4:53 | queue | Villager (Male) |
| 5:54 | queue | Villager (Male) |
| 5:55 | queue | Villager (Male) |
| 5:55 | queue | Villager (Male) |
| 5:55 | queue | Villager (Male) |
| 6:00 | Build | Mill |
| 6:22 | queue | Villager (Male) |
| 6:22 | queue | Villager (Male) |
| 6:34 | queue | Villager (Male) |
| 6:34 | queue | Villager (Male) |
| 7:22 | Build | House |
| 7:29 | Build | Barracks |
| 7:55 | queue | Villager (Male) |
| 7:58 | queue | Villager (Male) |
| 8:38 | Build | House |
| 8:56 | Research | Feudal Age |
| 8:58 | queue | Militia |
| 8:59 | queue | Militia |
| 8:59 | queue | Militia |
| 9:15 | Build | Mining Camp |
| 9:47 | queue | Villager (Male) |
| 9:47 | queue | Villager (Male) |
| 10:13 | queue | Militia |
| 10:50 | queue | Villager (Male) |
| 11:05 | Age | Feudal Age |
| 11:11 | Research | Man-at-Arms (upgrade) |
| 11:39 | queue | Militia |
| 11:39 | queue | Militia |
| 11:39 | queue | Militia |
| 11:40 | queue | Militia |
| 11:40 | queue | Militia |
| 12:02 | Build | Market |
| 12:05 | Build | Blacksmith |
| 12:09 | queue | Villager (Male) |
| 12:30 | Build | House |
| 12:31 | Build | House |
| 12:37 | Research | Double-Bit Axe |
| 12:38 | queue | Villager (Male) |
| 14:09 | queue | Villager (Male) |
| 14:09 | queue | Villager (Male) |
| 14:10 | queue | Villager (Male) |
| 14:10 | queue | Villager (Male) |
| 14:10 | queue | Villager (Male) |
| 14:14 | Build | Farm |
| 14:14 | Build | Farm |
| 14:14 | Build | Farm |
| 14:14 | Build | Farm |
| 14:15 | Build | Farm |
| 14:27 | Build | Archery Range |
| 14:28 | Build | Archery Range |
| 15:15 | queue | Villager (Male) |
| 15:16 | queue | Villager (Male) |
| 15:16 | queue | Villager (Male) |
| 15:16 | queue | Villager (Male) |
| 15:24 | queue | Skirmisher |
| 15:24 | queue | Skirmisher |
| 16:04 | queue | Skirmisher |
| 16:04 | queue | Skirmisher |
| 16:04 | queue | Skirmisher |
| 16:11 | queue | Skirmisher |
| 16:11 | queue | Skirmisher |
| 16:11 | queue | Skirmisher |
| 16:12 | Build | House |
| 16:13 | Build | House |
| 16:14 | queue | Skirmisher |
| 16:15 | queue | Skirmisher |
| 16:34 | queue | Villager (Male) |
| 16:38 | Build | Farm |
| 16:38 | Build | Farm |
| 16:38 | Build | Farm |
| 16:39 | Build | Farm |
| 16:39 | Build | Farm |
| 16:39 | Build | Farm |
| 16:39 | Build | Farm |
| 17:03 | queue | Villager (Male) |
| 17:04 | queue | Villager (Male) |
| 17:08 | Build | House |
| 17:09 | Build | House |
| 18:39 | queue | Villager (Male) |
| 18:40 | queue | Villager (Male) |
| 18:40 | queue | Villager (Male) |
| 18:47 | Build | Farm |
| 18:47 | Build | Farm |
| 18:47 | Build | Farm |
| 18:48 | Build | Farm |
| 18:53 | queue | Militia |
| 18:53 | queue | Militia |
| 18:59 | Build | House |
| 19:00 | Build | House |
| 19:52 | queue | Villager (Male) |
| 19:54 | Research | Wheelbarrow |
| 20:15 | Research | Fletching |
| 20:15 | Research | Padded Archer Armor |
| 20:18 | queue | Villager (Male) |
| 20:48 | queue | Skirmisher |
| 20:48 | queue | Skirmisher |
| 20:49 | queue | Skirmisher |
| 20:49 | queue | Skirmisher |
| 20:49 | queue | Skirmisher |
| 20:59 | Build | Farm |
| 21:00 | Build | Farm |
| 21:00 | Build | Farm |
| 21:00 | Build | Farm |
| 21:00 | Build | Farm |
| 21:00 | Build | Farm |
| 21:01 | Build | Farm |
| 21:01 | Build | Farm |
| 21:01 | Build | Farm |
| 21:01 | Build | Farm |
| 21:07 | queue | Villager (Male) |
| 21:23 | Build | Mining Camp |
| 21:40 | queue | Skirmisher |
| 22:39 | Research | Castle Age |
| 22:39 | Research | Castle Age |
| 24:11 | queue | Militia |
| 24:11 | queue | Militia |
| 24:33 | queue | Villager (Male) |
| 24:39 | queue | Skirmisher |
| 24:40 | queue | Skirmisher |
| 24:40 | queue | Skirmisher |
| 24:40 | queue | Skirmisher |
| 24:40 | queue | Skirmisher |
| 24:51 | queue | Skirmisher |
| 24:56 | Research | Padded Archer Armor |
| 24:59 | queue | Spearman |
| 24:59 | queue | Spearman |
| 25:00 | queue | Spearman |
Build order — joeldenouden98
First 150 of 303 actions detected
| 0:01 | queue | Villager (Male) |
| 0:01 | queue | Villager (Male) |
| 0:02 | queue | Villager (Male) |
| 0:02 | queue | Villager (Male) |
| 0:04 | Build | House |
| 0:05 | Build | House |
| 1:32 | queue | Villager (Male) |
| 1:51 | Build | Lumber Camp |
| 2:04 | queue | Villager (Male) |
| 2:29 | queue | Villager (Male) |
| 2:46 | queue | Villager (Male) |
| 3:02 | queue | Villager (Male) |
| 3:31 | Build | Mill |
| 3:35 | queue | Villager (Male) |
| 3:35 | queue | Villager (Male) |
| 3:53 | queue | Villager (Male) |
| 4:02 | Build | House |
| 4:18 | queue | Villager (Male) |
| 4:43 | queue | Villager (Male) |
| 5:16 | queue | Villager (Male) |
| 5:42 | queue | Villager (Male) |
| 5:57 | Build | House |
| 6:03 | queue | Villager (Male) |
| 6:16 | queue | Villager (Male) |
| 6:22 | queue | Villager (Male) |
| 6:37 | queue | Villager (Male) |
| 7:17 | queue | Villager (Male) |
| 7:18 | queue | Villager (Male) |
| 8:27 | Build | Mining Camp |
| 8:33 | Build | House |
| 8:40 | Research | Loom |
| 8:59 | Research | Feudal Age |
| 9:27 | Build | Palisade Wall |
| 9:50 | Build | Barracks |
| 10:08 | Build | Palisade Wall |
| 10:11 | Build | Palisade Wall |
| 10:17 | queue | Villager (Male) |
| 10:18 | queue | Villager (Male) |
| 11:00 | Build | House |
| 11:21 | Age | Feudal Age |
| 11:32 | Build | Archery Range |
| 11:47 | Build | Blacksmith |
| 12:09 | Build | Archery Range |
| 12:21 | queue | Archer |
| 12:21 | queue | Archer |
| 12:24 | queue | Villager (Male) |
| 12:25 | queue | Villager (Male) |
| 12:35 | Build | Farm |
| 12:44 | queue | Archer |
| 12:44 | queue | Archer |
| 12:48 | Build | House |
| 12:51 | Build | House |
| 12:55 | Build | House |
| 13:06 | Build | Farm |
| 13:31 | queue | Archer |
| 13:31 | queue | Archer |
| 14:14 | Build | Farm |
| 14:16 | queue | Archer |
| 14:16 | queue | Archer |
| 14:33 | Build | Farm |
| 14:33 | Build | Farm |
| 14:33 | Build | Farm |
| 15:19 | Build | Farm |
| 15:40 | Build | Market |
| 15:47 | Build | House |
| 16:03 | Build | Lumber Camp |
| 16:25 | queue | Archer |
| 16:25 | queue | Archer |
| 16:29 | queue | Villager (Male) |
| 16:30 | queue | Villager (Male) |
| 17:11 | Build | Farm |
| 17:41 | Build | Watch Tower |
| 17:45 | queue | Archer |
| 17:45 | queue | Archer |
| 17:49 | queue | Villager (Male) |
| 17:49 | queue | Villager (Male) |
| 18:15 | queue | Skirmisher |
| 18:15 | queue | Skirmisher |
| 18:15 | queue | Skirmisher |
| 18:53 | queue | Villager (Male) |
| 18:53 | queue | Villager (Male) |
| 19:34 | Research | Castle Age |
| 20:01 | Build | Mill |
| 20:02 | Build | Farm |
| 20:02 | Build | Farm |
| 20:02 | Build | Farm |
| 20:03 | Build | Farm |
| 20:10 | Build | Stable |
| 20:12 | Build | Stable |
| 20:39 | queue | Skirmisher |
| 20:40 | queue | Skirmisher |
| 20:40 | queue | Skirmisher |
| 20:41 | queue | Archer |
| 20:41 | queue | Archer |
| 21:18 | queue | Villager (Male) |
| 21:18 | queue | Villager (Male) |
| 21:45 | Build | House |
| 21:46 | Build | House |
| 21:54 | queue | Skirmisher |
| 21:55 | queue | Skirmisher |
| 22:23 | Age | Castle Age |
| 22:28 | queue | Knight ×5 |
| 22:47 | queue | Villager (Male) |
| 22:47 | queue | Villager (Male) |
| 22:57 | Build | Town Center |
| 23:23 | queue | Knight |
| 23:23 | queue | Knight |
| 23:41 | queue | Archer |
| 23:41 | queue | Archer |
| 24:05 | queue | Knight |
| 24:05 | queue | Knight |
| 24:09 | queue | Villager (Male) |
| 24:09 | queue | Villager (Male) |
| 24:19 | queue | Villager (Male) |
| 24:20 | queue | Villager (Male) |
| 24:28 | Build | Farm |
| 24:59 | queue | Archer |
| 24:59 | queue | Archer |
| 25:18 | queue | Villager (Male) |
| 25:19 | queue | Villager (Male) |
| 25:29 | Research | Double-Bit Axe |
| 25:51 | queue | Villager (Male) |
| 25:51 | queue | Villager (Male) |
| 25:52 | queue | Villager (Male) |
| 26:53 | queue | Villager (Male) |
| 26:53 | queue | Villager (Male) |
| 26:53 | queue | Villager (Male) |
| 26:55 | Build | Farm |
| 27:04 | queue | Archer |
| 27:05 | queue | Archer |
| 27:05 | queue | Archer |
| 27:06 | queue | Archer |
| 27:06 | queue | Archer |
| 27:11 | queue | Knight |
| 27:12 | queue | Knight |
| 27:41 | queue | Villager (Male) |
| 27:42 | queue | Villager (Male) |
| 27:42 | queue | Villager (Male) |
| 27:42 | queue | Villager (Male) |
| 27:53 | Build | Town Center |
| 27:59 | queue | Villager (Male) |
| 28:15 | Build | House |
| 28:16 | Build | House |
| 28:17 | Build | House |
| 28:50 | Research | Scale Barding Armor |
| 29:41 | queue | Villager (Male) |
| 29:41 | queue | Villager (Male) |
| 29:41 | queue | Villager (Male) |
| 29:50 | queue | Knight ×3 |
| 31:19 | queue | Villager (Male) |
Match timeline
| 7:29 | ChoRi-Wolo.gg · first_building Barracks |
| 9:27 | joeldenouden98 · wall_segment Palisade Wall x9 |
| 9:50 | joeldenouden98 · first_building Barracks |
| 10:08 | joeldenouden98 · wall_segment Palisade Wall x10 |
| 10:11 | joeldenouden98 · wall_segment Palisade Wall x4 |
| 11:05 | ChoRi-Wolo.gg · age_up feudal |
| 11:21 | joeldenouden98 · age_up feudal |
| 11:32 | joeldenouden98 · first_building Archery Range |
| 14:27 | ChoRi-Wolo.gg · first_building Archery Range |
| 19:32 | joeldenouden98 · first_market_sell 100 food |
| 20:10 | joeldenouden98 · first_building Stable |
| 22:23 | joeldenouden98 · age_up castle |
| 22:32 | ChoRi-Wolo.gg · first_market_buy 100 food |
| 22:54 | joeldenouden98 · first_market_buy 100 stone |
| 25:18 | ChoRi-Wolo.gg · age_up castle |
| 29:02 | ChoRi-Wolo.gg · first_building Monastery |
| 33:00 | joeldenouden98 · first_building Castle |
| 34:23 | joeldenouden98 · first_building Siege Workshop |
| 35:55 | ChoRi-Wolo.gg · first_building Siege Workshop |
| 36:36 | ChoRi-Wolo.gg · first_building Castle |
| 37:57 | joeldenouden98 · first_building Monastery |
| 41:28 | ChoRi-Wolo.gg · first_market_sell 100 wood |
| 51:42 | joeldenouden98 · age_up imperial |
| 59:33 | ChoRi-Wolo.gg · resign |
[ AI ANALYSIS · 1 CREDIT ]
What really happened in this match?
Wolo.gg analyzes every decision: build order, eco, micro, common mistakes by bracket. Personalized analysis on WhatsApp or Discord in 30 seconds.
Civ guide
Malians
Perfil
Jugador #3309795